[ AOE2 MATCH · #471144340 ]
Team RMJapanese vs Bulgarians
[ REPLAY ANALYSIS · EXTRACTED FROM THE RECORDED GAME ]
Feudal
15:24
Castle
24:31
Imperial
40:46
| APM avg | 15.6 |
| APM peak | 32 |
| eAPM avg | 13.5 |
| Villagers / military | 87 / 187 |
Focus
⚔️ 42.2% · 🌾 57.8%
Archer ×78 · Samurai ×39 · Cavalry Archer ×21 · Hand Cannoneer ×11 · Scorpion ×10 · Trebuchet (Packed) ×9
Feudal
—
Castle
—
Imperial
—
| APM avg | 27.5 |
| APM peak | 60 |
| eAPM avg | 20.0 |
| Villagers / military | 159 / 282 |
Focus
⚔️ 39.4% · 🌾 60.6%
Konnik ×79 · Skirmisher ×75 · Scout Cavalry ×54 · Scorpion ×47 · Militia ×9 · Trebuchet (Packed) ×9
Feudal
11:36
Castle
21:43
Imperial
32:53
| APM avg | 24.0 |
| APM peak | 90 |
| eAPM avg | 14.9 |
| Villagers / military | 103 / 356 |
Focus
⚔️ 51.8% · 🌾 48.2%
Janissary ×198 · Scout Cavalry ×54 · Spearman ×52 · Trade Cart ×30 · Skirmisher ×26 · Bombard Cannon ×21
Feudal
—
Castle
—
Imperial
—
| APM avg | 27.7 |
| APM peak | 69 |
| eAPM avg | 21.7 |
| Villagers / military | 109 / 349 |
Focus
⚔️ 48.6% · 🌾 51.4%
Skirmisher ×197 · Knight ×108 · Bombard Cannon ×19 · Spearman ×17 · Battering Ram ×3 · Trebuchet (Packed) ×3
Match map
Resources at game start + every placement click. Thick line = wall · dashed box = detected house wall. 🟡 gold · ⚪ stone · 🟢 berries · 🔶 boar · ⭕ relic
Your base· Open — unwalled flank
FredRMRA's base· Open — unwalled flank
FU(r)CKAN's base· Open — unwalled flank
CHONNR10's base· Open — unwalled flank
Elevation-shaded terrain · ⚠ = detected wall gap · hover for details
Inputs per minute
— PicanteMartinez - - FredRMRA
Build order — PicanteMartinez
First 150 of 292 actions detected
| 0:25 | Create | Villager (Male) |
| 0:25 | Create | Villager (Male) |
| 0:25 | Create | Villager (Male) |
| 0:26 | Create | Villager (Male) |
| 0:27 | Research | Loom |
| 1:01 | Build | Barracks |
| 1:10 | Create | Villager (Male) |
| 1:11 | Create | Villager (Male) |
| 1:11 | Create | Villager (Male) |
| 1:11 | Create | Villager (Male) |
| 1:39 | Create | Villager (Male) |
| 1:39 | Create | Villager (Male) |
| 2:24 | Build | House |
| 4:14 | Create | Villager (Male) |
| 4:32 | Create | Villager (Male) |
| 4:32 | Create | Villager (Male) |
| 5:16 | Build | House |
| 5:21 | Build | House |
| 5:25 | Create | Villager (Male) |
| 5:25 | Create | Villager (Male) |
| 5:47 | Build | Mill |
| 5:49 | Create | Villager (Male) |
| 5:50 | Create | Villager (Male) |
| 6:11 | Create | Villager (Male) |
| 6:38 | Create | Villager (Male) |
| 7:28 | Build | Mill |
| 8:16 | Create | Villager (Male) |
| 8:18 | Create | Villager (Male) |
| 8:24 | Build | Lumber Camp |
| 8:55 | Create | Villager (Male) |
| 9:33 | Create | Villager (Male) |
| 9:38 | Create | Villager (Male) |
| 9:42 | Build | Mining Camp |
| 10:13 | Build | Farm |
| 10:15 | Build | Farm |
| 10:41 | Build | Farm |
| 10:58 | Create | Villager (Male) |
| 10:58 | Create | Villager (Male) |
| 11:10 | Build | House |
| 11:45 | Build | Mining Camp |
| 12:04 | Build | Farm |
| 12:41 | Build | Farm |
| 13:09 | Create | Villager (Male) |
| 13:10 | Create | Villager (Male) |
| 13:12 | Research | Feudal Age |
| 13:12 | Research | Feudal Age |
| 13:32 | Build | Farm |
| 13:36 | Build | Farm |
| 13:52 | Build | Farm |
| 14:16 | Create | Militia |
| 14:17 | Create | Militia |
| 14:24 | Create | Militia |
| 14:24 | Create | Militia |
| 14:36 | Build | Farm |
| 15:24 | Age | Feudal Age |
| 15:24 | Build | House |
| 15:29 | Build | Watch Tower |
| 15:32 | Research | Man-at-Arms (upgrade) |
| 15:44 | Create | Militia |
| 15:48 | Create | Villager (Male) |
| 15:49 | Create | Villager (Male) |
| 16:23 | Build | Watch Tower |
| 16:47 | Build | Farm |
| 16:47 | Build | Farm |
| 16:49 | Create | Villager (Male) |
| 16:49 | Create | Villager (Male) |
| 16:52 | Research | Double-Bit Axe |
| 17:35 | Create | Villager (Male) |
| 17:42 | Build | Blacksmith |
| 17:46 | Build | House |
| 18:28 | Build | Watch Tower |
| 18:48 | Build | Lumber Camp |
| 19:41 | Research | Forging |
| 20:17 | Create | Villager (Male) |
| 20:57 | Build | Market |
| 21:01 | Create | Villager (Male) |
| 21:02 | Create | Villager (Male) |
| 21:36 | Research | Stone Mining |
| 21:40 | Research | Gold Mining |
| 21:46 | Research | Castle Age |
| 23:29 | Research | Wheelbarrow |
| 23:54 | Build | Archery Range |
| 24:05 | Create | Villager (Male) |
| 24:05 | Create | Villager (Male) |
| 24:10 | Research | Town Watch |
| 24:31 | Age | Castle Age |
| 24:47 | Create | Cavalry Archer ×4 |
| 26:12 | Build | Town Center |
| 26:50 | Create | Cavalry Archer |
| 27:08 | Create | Villager (Male) |
| 27:36 | Build | Stone Wall |
| 27:52 | Build | House |
| 27:53 | Build | House |
| 28:01 | Create | Villager (Male) ×5 |
| 28:04 | Create | Villager (Male) ×5 |
| 28:30 | Research | Fletching |
| 28:30 | Research | Padded Archer Armor |
| 28:37 | Create | Cavalry Archer |
| 28:37 | Create | Cavalry Archer |
| 28:50 | Build | Mining Camp |
| 29:00 | Build | House |
| 29:06 | Build | Town Center |
| 29:17 | Build | Farm |
| 29:33 | Create | Cavalry Archer |
| 29:40 | Build | Farm |
| 29:41 | Create | Villager (Male) |
| 29:41 | Create | Villager (Male) |
| 30:05 | Build | House |
| 30:05 | Build | House |
| 30:05 | Build | House |
| 30:05 | Build | House |
| 30:06 | Build | House |
| 30:16 | Research | Town Patrol |
| 30:31 | Research | Gold Shaft Mining |
| 31:04 | Build | Castle |
| 31:17 | Build | Stone Wall |
| 31:27 | Create | Cavalry Archer |
| 31:27 | Create | Cavalry Archer |
| 31:33 | Create | Villager (Male) ×5 |
| 31:35 | Research | Hand Cart |
| 31:40 | Build | Mining Camp |
| 31:48 | Build | House |
| 31:50 | Build | House |
| 31:57 | Create | Villager (Male) |
| 32:13 | Build | Mining Camp |
| 32:41 | Build | University |
| 33:03 | Build | House |
| 33:05 | Build | Farm |
| 33:11 | Create | Villager (Male) |
| 33:11 | Create | Villager (Male) |
| 33:24 | Create | Villager (Male) |
| 33:24 | Create | Villager (Male) |
| 33:25 | Create | Villager (Male) |
| 33:25 | Create | Villager (Male) |
| 33:32 | Create | Villager (Male) |
| 33:32 | Create | Villager (Male) |
| 34:02 | Build | Building 490 |
| 34:08 | Create | Samurai |
| 34:14 | Create | Cavalry Archer |
| 34:23 | Build | Farm |
| 34:23 | Build | Farm |
| 34:23 | Build | Farm |
| 34:29 | Research | Horse Collar |
| 34:42 | Build | Siege Workshop |
| 34:47 | Create | Samurai |
| 34:49 | Create | Samurai |
| 34:50 | Create | Samurai |
| 34:50 | Create | Samurai |
| 35:17 | Create | Battering Ram |
| 35:17 | Create | Battering Ram |
Build order — FredRMRA
First 150 of 691 actions detected
| 0:03 | Create | Villager (Male) |
| 0:03 | Create | Villager (Male) |
| 0:03 | Create | Villager (Male) |
| 0:03 | Create | Villager (Male) |
| 0:05 | Build | House |
| 0:08 | Build | House |
| 1:46 | Create | Villager (Male) |
| 1:46 | Create | Villager (Male) |
| 1:47 | Create | Villager (Male) |
| 1:49 | Build | Lumber Camp |
| 2:14 | Create | Villager (Male) |
| 2:42 | Create | Villager (Male) |
| 2:42 | Create | Villager (Male) |
| 3:18 | Build | House |
| 3:24 | Create | Villager (Male) |
| 3:25 | Create | Villager (Male) |
| 3:25 | Create | Villager (Male) |
| 3:25 | Create | Villager (Male) |
| 3:26 | Create | Villager (Male) |
| 4:22 | Create | Villager (Male) |
| 4:22 | Create | Villager (Male) |
| 4:25 | Build | Mill |
| 5:06 | Create | Villager (Male) |
| 5:10 | Create | Villager (Male) |
| 5:22 | Create | Villager (Male) |
| 6:23 | Create | Villager (Male) |
| 6:24 | Create | Villager (Male) |
| 7:51 | Research | Feudal Age |
| 9:22 | Build | Mining Camp |
| 10:03 | Build | Barracks |
| 10:16 | Create | Villager (Male) |
| 10:17 | Create | Villager (Male) |
| 10:23 | Build | House |
| 10:26 | Build | House |
| 10:40 | Research | Wheelbarrow |
| 10:52 | Build | Archery Range |
| 11:25 | Build | Blacksmith |
| 11:52 | Create | Militia |
| 11:52 | Create | Militia |
| 11:56 | Create | Archer |
| 11:56 | Create | Archer |
| 11:56 | Create | Archer |
| 12:02 | Create | Villager (Male) |
| 12:09 | Create | Villager (Male) |
| 12:59 | Create | Villager (Male) |
| 13:30 | Build | House |
| 13:39 | Build | Farm |
| 13:39 | Build | Farm |
| 13:39 | Build | Farm |
| 13:40 | Build | Farm |
| 13:40 | Build | Farm |
| 13:40 | Build | Farm |
| 13:40 | Build | Farm |
| 13:40 | Build | Farm |
| 13:41 | Build | Farm |
| 13:41 | Build | Farm |
| 13:44 | Create | Villager (Male) |
| 14:16 | Create | Villager (Male) |
| 14:30 | Build | Farm |
| 14:37 | Create | Villager (Male) |
| 14:40 | Build | Farm |
| 15:09 | Create | Villager (Male) |
| 15:38 | Create | Villager (Male) |
| 15:43 | Build | Farm |
| 16:16 | Create | Villager (Male) |
| 16:18 | Build | Farm |
| 16:32 | Build | House |
| 16:48 | Build | Market |
| 16:54 | Create | Villager (Male) |
| 16:59 | Build | Farm |
| 17:10 | Build | Farm |
| 17:28 | Create | Villager (Male) |
| 17:31 | Build | Farm |
| 17:59 | Build | Farm |
| 18:00 | Build | Farm |
| 18:06 | Research | Castle Age |
| 18:14 | Create | Militia |
| 18:15 | Create | Militia |
| 18:52 | Create | Militia |
| 19:19 | Create | Skirmisher |
| 19:20 | Create | Skirmisher |
| 19:33 | Build | House |
| 19:34 | Build | House |
| 19:34 | Build | House |
| 19:34 | Build | House |
| 19:35 | Build | House |
| 19:35 | Build | House |
| 19:35 | Build | House |
| 19:39 | Create | Villager (Male) |
| 19:40 | Create | Villager (Male) |
| 19:40 | Create | Villager (Male) |
| 19:40 | Create | Villager (Male) |
| 21:16 | Build | Castle |
| 21:20 | Create | Militia |
| 21:20 | Create | Militia |
| 21:21 | Create | Militia |
| 21:21 | Create | Militia |
| 21:24 | Create | Villager (Male) |
| 21:24 | Create | Villager (Male) |
| 21:37 | Build | Town Center |
| 22:06 | Create | Villager (Male) |
| 22:06 | Create | Villager (Male) |
| 22:06 | Create | Villager (Male) |
| 22:07 | Create | Villager (Male) |
| 22:23 | Build | Town Center |
| 22:29 | Create | Villager (Male) |
| 22:29 | Create | Villager (Male) |
| 22:29 | Create | Villager (Male) |
| 23:00 | Create | Villager (Male) |
| 23:01 | Create | Villager (Male) |
| 23:08 | Build | Farm |
| 23:08 | Build | Farm |
| 23:09 | Build | Farm |
| 23:09 | Build | Farm |
| 23:09 | Build | Farm |
| 23:09 | Build | Farm |
| 23:09 | Build | Farm |
| 23:10 | Build | Farm |
| 23:10 | Build | Farm |
| 23:10 | Build | Farm |
| 23:10 | Build | Farm |
| 23:11 | Build | Farm |
| 23:11 | Build | Farm |
| 23:13 | Create | Villager (Male) |
| 23:39 | Build | Mill |
| 23:43 | Create | Villager (Male) |
| 23:43 | Create | Villager (Male) |
| 24:13 | Create | Konnik |
| 24:18 | Create | Konnik |
| 24:31 | Create | Villager (Male) |
| 24:32 | Create | Villager (Male) |
| 24:46 | Create | Villager (Male) |
| 24:46 | Create | Villager (Male) |
| 24:51 | Build | Farm |
| 24:51 | Build | Farm |
| 24:51 | Build | Farm |
| 24:51 | Build | Farm |
| 24:52 | Build | Farm |
| 24:52 | Build | Farm |
| 24:52 | Build | Farm |
| 24:52 | Build | Farm |
| 24:54 | Create | Villager (Male) |
| 24:54 | Create | Villager (Male) |
| 24:54 | Create | Villager (Male) |
| 25:14 | Create | Villager (Male) |
| 25:45 | Build | Blacksmith |
| 26:03 | Build | House |
| 26:05 | Build | House |
| 26:06 | Create | Villager (Male) |
| 26:09 | Create | Villager (Male) |
Build order — FU(r)CKAN
First 150 of 638 actions detected
| 0:09 | Create | Villager (Male) |
| 0:09 | Create | Villager (Male) |
| 0:09 | Create | Villager (Male) |
| 0:10 | Create | Villager (Male) |
| 0:17 | Build | House |
| 0:44 | Build | House |
| 1:38 | Create | Villager (Male) |
| 1:38 | Create | Villager (Male) |
| 2:31 | Create | Villager (Male) |
| 2:31 | Create | Villager (Male) |
| 3:16 | Create | Villager (Male) |
| 3:16 | Create | Villager (Male) |
| 3:16 | Create | Villager (Male) |
| 3:16 | Create | Villager (Male) |
| 4:00 | Build | Mill |
| 4:05 | Create | Villager (Male) |
| 4:05 | Create | Villager (Male) |
| 4:39 | Create | Villager (Male) |
| 4:40 | Create | Villager (Male) |
| 4:40 | Create | Villager (Male) |
| 4:40 | Create | Villager (Male) |
| 4:40 | Create | Villager (Male) |
| 4:58 | Build | House |
| 4:59 | Build | House |
| 5:46 | Create | Villager (Male) |
| 5:46 | Create | Villager (Male) |
| 5:46 | Create | Villager (Male) |
| 6:09 | Build | House |
| 6:11 | Build | House |
| 6:25 | Create | Villager (Male) |
| 6:25 | Create | Villager (Male) |
| 7:42 | Create | Villager (Male) |
| 8:06 | Create | Villager (Male) |
| 8:55 | Build | Lumber Camp |
| 9:00 | Create | Villager (Male) |
| 9:26 | Research | Feudal Age |
| 9:27 | Research | Feudal Age |
| 10:27 | Create | Villager (Male) |
| 10:27 | Create | Villager (Male) |
| 10:27 | Create | Villager (Male) |
| 10:40 | Build | Farm |
| 10:51 | Build | Farm |
| 11:03 | Build | Mining Camp |
| 11:09 | Create | Villager (Male) |
| 11:09 | Create | Villager (Male) |
| 11:36 | Age | Feudal Age |
| 11:42 | Research | Wheelbarrow |
| 11:43 | Create | Villager (Male) |
| 11:43 | Create | Villager (Male) |
| 11:43 | Create | Villager (Male) |
| 11:44 | Create | Villager (Male) |
| 11:55 | Research | Double-Bit Axe |
| 12:14 | Build | Farm |
| 12:19 | Research | Horse Collar |
| 13:02 | Build | Mining Camp |
| 13:14 | Create | Villager (Male) |
| 13:20 | Research | Stone Mining |
| 13:33 | Build | Market |
| 13:44 | Build | Blacksmith |
| 13:49 | Create | Villager (Male) |
| 13:49 | Create | Villager (Male) |
| 14:19 | Build | Farm |
| 14:25 | Build | Farm |
| 14:32 | Create | Villager (Male) |
| 14:32 | Create | Villager (Male) |
| 14:41 | Build | Farm |
| 15:10 | Build | Farm |
| 15:16 | Build | Farm |
| 15:42 | Build | Farm |
| 15:47 | Create | Villager (Male) |
| 15:48 | Create | Villager (Male) |
| 15:48 | Create | Villager (Male) |
| 16:06 | Build | Farm |
| 16:19 | Build | Farm |
| 16:36 | Create | Villager (Male) |
| 16:36 | Create | Villager (Male) |
| 16:43 | Build | Farm |
| 17:10 | Build | House |
| 17:12 | Build | House |
| 17:46 | Build | Farm |
| 17:53 | Build | Farm |
| 18:06 | Build | Farm |
| 18:35 | Build | Farm |
| 18:40 | Build | Farm |
| 19:03 | Research | Castle Age |
| 19:22 | Build | Watch Tower |
| 19:52 | Research | Gold Mining |
| 20:33 | Research | Padded Archer Armor |
| 20:34 | Research | Scale Barding Armor |
| 20:37 | Research | Scale Mail Armor |
| 21:12 | Build | Watch Tower |
| 21:28 | Create | Villager (Male) |
| 21:28 | Create | Villager (Male) |
| 21:28 | Create | Villager (Male) |
| 21:29 | Create | Villager (Male) |
| 21:29 | Create | Villager (Male) |
| 21:43 | Age | Castle Age |
| 21:49 | Build | Castle |
| 22:03 | Research | Hand Cart |
| 22:03 | Create | Villager (Male) |
| 22:04 | Create | Villager (Male) |
| 22:04 | Create | Villager (Male) |
| 22:04 | Create | Villager (Male) |
| 22:04 | Create | Villager (Male) |
| 22:13 | Build | Town Center |
| 22:39 | Build | House |
| 22:41 | Build | House |
| 22:42 | Build | House |
| 22:43 | Build | House |
| 22:46 | Build | House |
| 22:47 | Build | House |
| 22:49 | Build | House |
| 23:08 | Research | Bow Saw |
| 23:11 | Create | Villager (Male) |
| 23:11 | Create | Villager (Male) |
| 23:11 | Create | Villager (Male) |
| 23:12 | Create | Villager (Male) |
| 23:12 | Create | Villager (Male) |
| 23:12 | Create | Villager (Male) |
| 23:36 | Build | Siege Workshop |
| 24:05 | Build | Farm |
| 24:43 | Build | Mining Camp |
| 25:02 | Create | Villager (Male) |
| 25:02 | Create | Villager (Male) |
| 25:02 | Create | Villager (Male) |
| 25:03 | Create | Villager (Male) |
| 25:17 | Create | Villager (Male) |
| 25:17 | Create | Villager (Male) |
| 25:17 | Create | Villager (Male) |
| 25:18 | Create | Villager (Male) |
| 25:18 | Create | Villager (Male) |
| 26:04 | Build | Mining Camp |
| 26:16 | Research | Gold Shaft Mining |
| 26:18 | Research | Heavy Plow |
| 26:25 | Create | Villager (Male) |
| 26:25 | Create | Villager (Male) |
| 26:25 | Create | Villager (Male) |
| 26:25 | Create | Villager (Male) |
| 26:26 | Create | Villager (Male) |
| 26:26 | Create | Villager (Male) |
| 26:30 | Create | Janissary |
| 26:30 | Create | Janissary |
| 26:30 | Create | Janissary |
| 27:07 | Build | Farm |
| 27:11 | Build | Farm |
| 27:17 | Build | Farm |
| 27:21 | Build | Farm |
| 27:23 | Create | Villager (Male) |
| 27:24 | Create | Villager (Male) |
| 27:24 | Create | Villager (Male) |
Build order — CHONNR10
First 150 of 668 actions detected
| 0:03 | Build | House |
| 0:06 | Build | House |
| 0:07 | Create | Villager (Male) |
| 0:07 | Create | Villager (Male) |
| 0:08 | Create | Villager (Male) |
| 0:08 | Create | Villager (Male) |
| 0:09 | Create | Villager (Male) |
| 1:35 | Create | Villager (Male) |
| 2:11 | Create | Villager (Male) |
| 2:38 | Create | Villager (Male) |
| 2:42 | Create | Villager (Male) |
| 2:42 | Create | Villager (Male) |
| 3:31 | Create | Villager (Male) |
| 3:54 | Create | Villager (Male) |
| 4:00 | Build | House |
| 4:14 | Build | Lumber Camp |
| 4:16 | Create | Villager (Male) |
| 4:50 | Create | Villager (Male) |
| 4:51 | Create | Villager (Male) |
| 4:51 | Create | Villager (Male) |
| 5:43 | Create | Villager (Male) |
| 5:44 | Create | Villager (Male) |
| 5:44 | Create | Villager (Male) |
| 5:48 | Build | Mill |
| 6:06 | Create | Villager (Male) |
| 6:18 | Build | House |
| 6:59 | Create | Villager (Male) |
| 7:33 | Build | Mining Camp |
| 7:38 | Create | Villager (Male) |
| 8:06 | Build | Mill |
| 8:12 | Create | Villager (Male) |
| 8:12 | Create | Villager (Male) |
| 9:02 | Research | Feudal Age |
| 9:08 | Build | House |
| 9:19 | Build | Barracks |
| 10:15 | Build | Lumber Camp |
| 10:40 | Build | House |
| 10:49 | Create | Villager (Male) |
| 11:16 | Create | Villager (Male) |
| 11:28 | Build | Market |
| 11:34 | Create | Villager (Male) |
| 11:46 | Research | Double-Bit Axe |
| 12:04 | Create | Villager (Male) |
| 12:15 | Build | Mill |
| 12:29 | Create | Villager (Male) |
| 12:35 | Build | Blacksmith |
| 13:19 | Create | Villager (Male) |
| 13:20 | Create | Villager (Male) |
| 13:22 | Build | Farm |
| 13:53 | Build | Farm |
| 14:05 | Build | Farm |
| 14:06 | Build | Farm |
| 14:08 | Build | Farm |
| 14:09 | Build | Farm |
| 14:12 | Build | Farm |
| 14:12 | Create | Villager (Male) |
| 14:37 | Build | Farm |
| 14:42 | Build | Farm |
| 14:44 | Create | Villager (Male) |
| 15:07 | Create | Villager (Male) |
| 15:12 | Build | Farm |
| 15:15 | Build | Farm |
| 15:32 | Research | Loom |
| 15:40 | Build | Farm |
| 15:46 | Build | Farm |
| 15:50 | Research | Castle Age |
| 16:02 | Build | Mining Camp |
| 17:05 | Build | House |
| 17:17 | Create | Villager (Male) |
| 17:52 | Build | House |
| 18:05 | Build | Stable |
| 18:31 | Build | House |
| 18:33 | Build | House |
| 18:48 | Build | Town Center |
| 18:54 | Build | Farm |
| 19:41 | Build | Town Center |
| 19:43 | Create | Villager (Male) |
| 19:44 | Research | Wheelbarrow |
| 19:48 | Create | Villager (Male) |
| 19:50 | Research | Stone Mining |
| 19:50 | Research | Gold Mining |
| 19:54 | Create | Villager (Male) |
| 20:25 | Build | Stone Wall |
| 20:32 | Create | Villager (Male) |
| 20:38 | Research | Gold Mining |
| 20:40 | Create | Villager (Male) |
| 20:59 | Build | Town Center |
| 21:01 | Create | Villager (Male) |
| 21:21 | Create | Knight |
| 21:22 | Research | Husbandry |
| 21:23 | Create | Knight |
| 21:25 | Research | Scale Barding Armor |
| 21:26 | Research | Forging |
| 21:30 | Build | Farm |
| 21:48 | Build | Stone Wall |
| 21:50 | Create | Villager (Male) |
| 21:51 | Research | Wheelbarrow |
| 22:05 | Build | House |
| 22:06 | Build | House |
| 22:08 | Build | House |
| 22:09 | Create | Villager (Male) |
| 22:18 | Create | Villager (Male) |
| 22:21 | Create | Villager (Male) |
| 22:21 | Create | Villager (Male) |
| 22:21 | Create | Villager (Male) |
| 22:22 | Create | Villager (Male) |
| 22:29 | Create | Knight |
| 22:38 | Build | Archery Range |
| 22:41 | Create | Villager (Male) |
| 22:44 | Build | Farm |
| 22:47 | Create | Villager (Male) |
| 23:05 | Build | Building 490 |
| 23:20 | Build | Building 673 |
| 23:26 | Create | Villager (Male) |
| 23:27 | Create | Villager (Male) |
| 23:27 | Create | Villager (Male) |
| 23:28 | Create | Villager (Male) |
| 23:44 | Build | Farm |
| 23:45 | Build | Farm |
| 23:46 | Build | Farm |
| 23:48 | Create | Villager (Male) |
| 23:51 | Create | Villager (Male) |
| 23:53 | Create | Villager (Male) |
| 23:57 | Build | Farm |
| 23:58 | Build | Farm |
| 24:05 | Create | Villager (Male) |
| 24:24 | Build | Siege Workshop |
| 24:27 | Build | Farm |
| 24:30 | Create | Villager (Male) |
| 24:31 | Create | Villager (Male) |
| 24:31 | Create | Villager (Male) |
| 24:32 | Create | Villager (Male) |
| 24:32 | Create | Villager (Male) |
| 24:41 | Build | Stable |
| 24:52 | Build | Stone Wall |
| 24:55 | Build | Building 487 |
| 24:57 | Create | Villager (Male) |
| 24:58 | Create | Villager (Male) |
| 24:59 | Create | Villager (Male) |
| 24:59 | Create | Villager (Male) |
| 25:04 | Build | Farm |
| 25:05 | Build | Farm |
| 25:20 | Build | Monastery |
| 25:27 | Research | Chain Barding Armor |
| 25:27 | Research | Iron Casting |
| 25:53 | Build | House |
| 25:54 | Build | House |
| 26:02 | Build | Castle |
| 26:12 | Build | Archery Range |
| 26:16 | Build | Stable |
Match timeline
| 1:01 | PicanteMartinez · first_building Barracks |
| 9:19 | CHONNR10 · first_building Barracks |
| 10:03 | FredRMRA · first_building Barracks |
| 10:52 | FredRMRA · first_building Archery Range |
| 11:36 | FU(r)CKAN · age_up feudal |
| 15:24 | PicanteMartinez · age_up feudal |
| 18:05 | CHONNR10 · first_building Stable |
| 19:32 | CHONNR10 · first_market_sell 100 food |
| 19:36 | CHONNR10 · first_market_buy 100 wood |
| 20:25 | CHONNR10 · wall_segment Stone Wall x19 |
| 21:16 | FredRMRA · first_building Castle |
| 21:30 | FredRMRA · first_market_sell 100 wood |
| 21:31 | FredRMRA · first_market_buy 100 stone |
| 21:43 | FU(r)CKAN · age_up castle |
| 21:48 | CHONNR10 · wall_segment Stone Wall x13 |
| 21:49 | FU(r)CKAN · first_building Castle |
| 22:38 | CHONNR10 · first_building Archery Range |
| 23:36 | FU(r)CKAN · first_building Siege Workshop |
| 23:54 | PicanteMartinez · first_building Archery Range |
| 24:24 | CHONNR10 · first_building Siege Workshop |
| 24:31 | PicanteMartinez · age_up castle |
| 24:52 | CHONNR10 · wall_segment Stone Wall x7 |
| 25:20 | CHONNR10 · first_building Monastery |
| 26:02 | CHONNR10 · first_building Castle |
| 27:11 | FredRMRA · first_building Monastery |
| 27:36 | PicanteMartinez · wall_segment Stone Wall x15 |
| 28:48 | FredRMRA · first_building Siege Workshop |
| 31:04 | PicanteMartinez · first_building Castle |
| 31:17 | PicanteMartinez · wall_segment Stone Wall x21 |
| 32:53 | FU(r)CKAN · age_up imperial |
| 34:42 | PicanteMartinez · first_building Siege Workshop |
| 36:58 | FredRMRA · first_building Stable |
| 37:01 | CHONNR10 · tribute_sent a jugador 1 |
| 37:01 | CHONNR10 · tribute_sent a jugador 2 |
| 37:01 | CHONNR10 · tribute_sent a jugador 3 |
| 39:46 | FredRMRA · first_building Krepost |
| 40:46 | PicanteMartinez · age_up imperial |
| 46:08 | FU(r)CKAN · first_market_sell 100 wood |
| 48:55 | CHONNR10 · tribute_sent a jugador 1 |
| 48:55 | CHONNR10 · tribute_sent a jugador 2 |
| 48:55 | CHONNR10 · tribute_sent a jugador 3 |
| 52:52 | FU(r)CKAN · first_building Barracks |
| 54:22 | FU(r)CKAN · first_building Stable |
| 56:17 | FU(r)CKAN · first_building Monastery |
| 56:26 | FU(r)CKAN · first_building Archery Range |
| 58:16 | PicanteMartinez · wall_segment Stone Wall x1 |
| 58:25 | PicanteMartinez · wall_segment Stone Wall x12 |
| 58:34 | PicanteMartinez · wall_segment Stone Wall x29 |
| 61:13 | PicanteMartinez · wall_segment Stone Wall x10 |
| 61:14 | PicanteMartinez · wall_segment Stone Wall x12 |
| 64:44 | PicanteMartinez · wall_segment Stone Wall x23 |
| 65:04 | CHONNR10 · resign |
[ AI ANALYSIS · 1 CREDIT ]
What really happened in this match?
Wolo.gg analyzes every decision: build order, eco, micro, common mistakes by bracket. Personalized analysis on WhatsApp or Discord in 30 seconds.
Civ guide
Japanese
Map guide
Arena
Perfil
PicanteMartinez